 Dungeon Crawl Stone Soup version 0.16-a0-3159-ge6ac362 (webtiles) character file.

798 Tet the Firebug (level 7, -3/50 HPs)
             Began as a Salamander Fire Elementalist on June 15, 2015.
             Was an Initiate of Cheibriados.
             Shot with an arrow by a centaur (8 damage)
             ... on level 5 of the Dungeon.
             The game lasted 00:39:32 (7571 turns).

Tet the Firebug (Salamander Fire Elementalist)      Turns: 7571, Time: 00:39:32

Health: -3/50      AC:  4    Str:  8    XL:     7   Next: 58%
Magic:  15/18      EV: 12    Int: 19    God:    Cheibriados [......]
Gold:   300        SH:  0    Dex: 15    Spells: 4 memorised, 4 levels left

rFire  + . .     SeeInvis .     (no weapon)
rCold  x . .     Clarity  .     a - +0 robe
rNeg   . . .     SustAb   .     (no shield)
rPois  +         Gourm    .     (no helmet)
rElec  .         Spirit   .     (no cloak)
rCorr  .         Warding  .     (no gloves)
rMut   .         Stasis   .     (no barding)
MR     .....                    (no amulet)
Stlth  ++........               k - ring of wizardry
                                p - ring of poison resistance

@: very slow, not resistant to hostile enchantments, unstealthy
A: fiery attack, fire resistance 1, slowness 2, tough skin 2, cold vulnerability
1
a: Bend Time, Renounce Religion


You were on level 5 of the Dungeon.
You worshipped Cheibriados.
Cheibriados was noncommittal.
You were very hungry.

You visited 2 branches of the dungeon, and saw 6 of its levels.

You collected 300 gold pieces.

Inventory:

Missiles
 w - 2 throwing nets (quivered)
Armour
 a - a +0 robe (worn)
Jewellery
 j - an uncursed ring of sustain abilities
 k - a ring of wizardry (right hand)
 p - a ring of poison resistance (left hand)
 q - an uncursed ring of stealth
 t - an uncursed ring of teleport control
 y - a +3 ring of intelligence
Scrolls
 c - a scroll of immolation {unknown}
 e - 4 scrolls of amnesia
 f - 3 scrolls of enchant weapon
 h - 3 scrolls of remove curse
 i - 2 scrolls of fog {unknown}
 n - a scroll of blinking {unknown}
 o - 2 scrolls of fear
 r - a scroll of random uselessness {unknown}
 u - a scroll of recharging {unknown}
 x - 3 scrolls of identify
Potions
 d - a potion of flight {unknown}
 g - a potion of ambrosia
 l - 2 potions of agility
 s - a potion of invisibility {unknown}
 v - a potion of restore abilities {unknown}
Books
 b - a book of Flames

   Spells                             Type                      Level
   a - Flame Tongue                   Conjuration/Fire             1
   b - Throw Flame                    Conjuration/Fire             2
   c - Conjure Flame                  Conjuration/Fire             3
   d - Inner Flame                    Hexes/Fire                   3
   e - Sticky Flame                   Conjuration/Fire             4
   f - Fireball                       Conjuration/Fire             5


   Skills:
 - Level 2.0 Dodging
 - Level 2.1 Stealth
 + Level 4.0 Spellcasting
 * Level 6.3 Conjurations
 * Level 7.9 Fire Magic


You had 4 spell levels left.
You knew the following spells:

 Your Spells              Type           Power        Failure   Level  Hunger
a - Flame Tongue          Conj/Fire      ####.        1%          1    None
b - Throw Flame           Conj/Fire      ####..       1%          2    ##.....
c - Conjure Flame         Conj/Fire      ####....     1%          3    ###....
d - Sticky Flame          Conj/Fire      ####....     4%          4    ####...


Dungeon Overview and Level Annotations

Branches:
Dungeon (5/15)             Temple (1/1) D:4

Altars:
Cheibriados
Dithmenos
Elyvilon
Fedhas
Gozag
Makhleb
Okawaru
Qazlal
Ru
Sif Muna
Trog
Xom
Yredelemnul
The Shining One

Annotations:
D:2 exclusion: oklob plant
D:3 Sigmund
D:4 logikai's ghost, average SaGl
D:5 Kamaki's ghost, weakling SaFi


Innate Abilities, Weirdness & Mutations

Your melee attacks set your foes ablaze.
You cannot wear boots.
Your flesh is heat resistant.
You cover ground very slowly.
You have very tough skin (AC +2).
You are vulnerable to cold.


Message History

The centaur is heavily wounded.
The centaur shoots an arrow.
The arrow hits you!
* * * LOW HITPOINT WARNING * * *
Casting: Flame Tongue
Confirm with . or Enter, or press ? or * to list all spells.
Aiming: Flame Tongue
Press: ? - help, Shift-Dir - straight line, f/p - centaur
Aim: a centaur, wielding a shortbow (heavily wounded)
The flame tongue hits the centaur.
The centaur is heavily wounded.
The centaur shoots an arrow.
The arrow hits you!
* * * LOW HITPOINT WARNING * * *
Casting: Flame Tongue
Confirm with . or Enter, or press ? or * to list all spells.
Aiming: Flame Tongue
Press: ? - help, Shift-Dir - straight line, f/p - centaur
Aim: a centaur, wielding a shortbow (heavily wounded)
The flame tongue misses the centaur.
The centaur shoots an arrow.
The arrow hits you!
You die...

..###.......#......
#.# ##............
#.# ##...###.....
..# ##..# ....
#.#######(## #..
##....##..)##
#.#####c..c(## ..#
##.8...8.#####
..###.#.....#.##@#
#.#
...#[..8...8...#.#
#.#
.#.'...........c(#
#.# .
.###...8...8...#.#
#.# .# .#
##.#.....#.##.# #.#
.# .##
##.8...8.###.# #.#
.# ..## ##.....##
#.# #.# .# .#.#
##...###
#.#####.########.#
#.#######'##.#
#.##..............


You could see a centaur.

Vanquished Creatures
  2 ogres (D:4)
  A centaur (D:5)
  A scorpion (D:5)
  A goliath beetle (D:4)
  2 orc priests (D:4)
  3 hounds
  An orc wizard (D:4)
  Jessica (D:2)
  Terence (D:2)
  Robin (D:2)
  4 gnolls
  3 adders
  4 giant mites (D:3)
  3 worms
  An adder skeleton (D:4)
  An ooze (D:1)
  6 orcs
  5 giant cockroaches
  26 goblins
  13 hobgoblins
  7 jackals
  4 quokkas
  4 ball pythons
  8 bats
  5 giant geckos
  A giant newt (D:1)
  7 kobolds
  8 rats
124 creatures vanquished.

Vanquished Creatures (others)
  A fungus (D:2)
1 creature vanquished.

Grand Total: 125 creatures vanquished

Notes
Turn   | Place    | Note
--------------------------------------------------------------
     0 | D:1      | Tet, the Salamander Fire Elementalist, began the quest for the Orb.
     0 | D:1      | Reached XP level 1. HP: 14/14 MP: 3/3
   254 | D:1      | Reached XP level 2. HP: 20/20 MP: 0/5
  1289 | D:1      | Learned a level 2 spell: Throw Flame
  1325 | D:1      | Reached XP level 3. HP: 26/26 MP: 1/7
  1496 | D:2      | Noticed Jessica
  1505 | D:2      | Killed Jessica
  1558 | D:2      | Noticed Terence
  1622 | D:2      | Killed Terence
  1622 | D:2      | Reached skill level 5 in Fire Magic
  1622 | D:2      | Reached XP level 4. HP: 7/33 MP: 0/9
  1927 | D:2      | Found a glowing golden altar of the Shining One.
  1935 | D:2      | Found a blossoming altar of Fedhas.
  2087 | D:2      | Learned a level 3 spell: Conjure Flame
  2257 | D:2      | Found a shimmering altar of Xom.
  2544 | D:2      | Found a stormy altar of Qazlal.
  2778 | D:2      | Found a blossoming altar of Fedhas.
  2792 | D:2      | Noticed an oklob plant
  2842 | D:2      | Noticed Robin
  2850 | D:2      | Killed Robin
  2968 | D:2      | Found a sacrificial altar of Ru.
  3152 | D:2      | Found a bloodstained altar of Trog.
  3419 | D:3      | Reached XP level 5. HP: 20/38 MP: 1/12
  3887 | D:3      | Noticed Sigmund
  4627 | D:4      | Reached skill level 6 in Fire Magic
  4706 | D:4      | Reached XP level 6. HP: 33/45 MP: 6/15
  4749 | D:4      | Noticed logikai's ghost (average SaGl)
  5555 | D:3      | Learned a level 4 spell: Sticky Flame
  5645 | D:4      | Reached skill level 5 in Conjurations
  5703 | D:4      | Noticed an ogre
  6047 | D:4      | Killed an ogre
  6047 | D:4      | Reached skill level 7 in Fire Magic
  6047 | D:4      | Gained mutation: Your flesh is heat resistant. [salamander growth]
  6047 | D:4      | Reached XP level 7. HP: 50/50 MP: 7/17
  6152 | D:4      | Found a staircase to the Ecumenical Temple.
  6161 | Temple   | Entered the Ecumenical Temple
  6189 | Temple   | Became a worshipper of Cheibriados the Contemplative
  6304 | D:5      | Entered Level 5 of the Dungeon
  7434 | D:5      | Noticed Kamaki's ghost (weakling SaFi)
  7571 | D:5      | Shot with an arrow by a centaur

Action                   |  1- 3 |  4- 6 |  7- 9 || total
-------------------------+-------+-------+-------++-------
Melee: Unarmed           |    12 |    17 |       ||    29
 Cast: Flame Tongue      |    73 |   172 |    36 ||   281
       Throw Flame       |       |    12 |     5 ||    17
       Conjure Flame     |       |     6 |     2 ||     8
       Sticky Flame      |       |     3 |     5 ||     8
  Use: Scroll            |     1 |     4 |     1 ||     6
       Potion            |       |     1 |       ||     1
 Stab: Sleeping          |       |     1 |       ||     1
  Eat: Bread ration      |     1 |     1 |     1 ||     3
       Chunk             |       |     6 |     1 ||     7
       Beef jerky        |       |     2 |       ||     2
